 Dungeon Crawl Stone Soup version 0.29-a0-321-gf1c400731a (webtiles) character file.

Game seed: 1954568198417961847

12645 mcvcxcn the Covert (level 11, 0/54 HPs)
             Began as a Spriggan Enchanter on Apr 3, 2022.
             Was an Elder of Dithmenos.
             Slain by a harpy simulacrum (20 damage)
             ... in an ice cave.
             The game lasted 00:46:24 (15090 turns).

mcvcxcn the Covert (Spriggan Enchanter)            Turns: 15090, Time: 00:46:24

Health: 0/54       AC: 12    Str:  8    XL:     11   Next: 65%
Magic:  25/27      EV: 21    Int: 19    God:    Dithmenos [****..]
Gold:   248        SH:  0    Dex: 14    Spells: 13/33 levels left

rFire   + . .      SeeInvis +   r - +3 dagger
rCold   . . .      Faith    .   (no shield)
rNeg    . . .      Spirit   .   k - +1 steam dragon scales
rPois   .          Reflect  .   f - +3 hat of the Hot Ocelot {Int+2}
rElec   +          Harm     .   g - +2 cloak
rCorr   .          Rampage  .   (gloves unavailable)
Will    +....                   (boots unavailable)
Stlth   ++++++++..              u - amulet "Qeitiuq" {rElec Regen+}
HPRegen 0.98/turn               x - ring of protection from fire
MPRegen 0.20/turn               y - ring of wizardry

@: wreathed by umbra, very quick
A: very small, no large weapons, unfitting armour, see invisible, speed 3,
clumsy 1, MP-powered wands
a: Renounce Religion, Shadow Step


You were in an ice cave.
You worshipped Dithmenos.
Dithmenos was greatly pleased with you.
You visited 2 branches of the dungeon, and saw 13 of its levels.
You also visited: Bailey and Ice Cave.

You collected 812 gold pieces.
You spent 564 gold pieces at shops.

Inventory:

Hand Weapons
 r - a +3 dagger (weapon)
 z - a +3 dagger
 A - a +2 dagger of holy wrath
Missiles
 d - 17 poisoned darts
 m - a throwing net (quivered)
Armour
 f - the +3 hat of the Hot Ocelot (worn) {Int+2}
   (You found it on level 8 of the Dungeon)

   Int:       It affects your intelligence (+2).
 g - a +2 cloak (worn)
 k - +1 steam dragon scales (worn)
Jewellery
 p - an amulet of magic regeneration
 u - the amulet "Qeitiuq" (around neck) {rElec Regen+}
   (You acquired it in a bailey)

   [amulet of regeneration]

   rElec:     It insulates you from electricity.
   Regen:     It increases your rate of health regeneration.
 x - a ring of protection from fire (left hand)
 y - a ring of wizardry (right hand)
Wands
 a - a wand of digging (6)
 j - a wand of flame (26)
 l - a wand of polymorph (9)
 q - a wand of mindburst (5)
 w - a wand of paralysis (4)
Scrolls
 c - 4 scrolls of fear
 e - 3 scrolls of amnesia
 i - 7 scrolls of identify
 t - 3 scrolls of teleportation
Potions
 h - 2 potions of curing
 n - a potion of flight
 o - 2 potions of ambrosia
 s - 2 potions of magic
 v - a potion of heal wounds


   Skills:
 + Level 4.6 Fighting
 + Level 6.1 Short Blades
 + Level 8.0 Dodging
 + Level 13.8 Stealth
 + Level 11.8 Spellcasting
 + Level 12.0 Hexes


You had 13 spell levels left.
You knew the following spells:

 Your Spells              Type           Power      Damage    Failure   Level
a - Ensorcelled Hibernat  Hex/Ice        68%        N/A       1%          2
b - Tukima's Dance        Hex            54%        N/A       1%          3
c - Dazzling Flash        Conj/Hex       68%        N/A       1%          3
d - Confusing Touch       Hex            54%        N/A       1%          3
e - Static Discharge      Conj/Air       11%        N/A       4%          2
f - Enfeeble              Hex            27%        N/A       16%         7

Your spell library contained the following spells:

 Spells                   Type           Power      Damage    Failure   Level
 Yara's Violent Unravell  Hex/Tmut       17%        3d8       6%          5
 Dispel Undead            Necr           11%        3d9       24%         4
 Sticky Flame             Conj/Fire      11%        2d3       24%         4
 Blade Hands              Tmut           5%         N/A       52%         5
 Irradiate                Conj/Tmut      5%         3d15      52%         5
 Dragon Form              Tmut           5%         N/A       100%        7


Dungeon Overview and Level Annotations

Branches:
Dungeon (12/15)            Temple (1/1) D:7            Lair (0/6) D:9
    Orc (0/2) D:12         Bailey (visited)           IceCv (1/1)

Altars:
Ashenzari
Dithmenos
Elyvilon
Fedhas
Gozag
Hepliaklqana
Kikubaaqudgha
Nemelex Xobeh
Okawaru
Qazlal
Ru
Sif Muna
Trog
Uskayaw
Vehumet
Wu Jian
Xom
Yredelemnul

Shops:
D:5 =   D:10 [   D:11 [

Annotations:
D:6 exclusion: statue
D:8 6 runed translucent doors, exclusion: door
D:11 2 runed translucent doors, wpisznazwe's ghost, journeyman SpHu


Innate Abilities, Weirdness & Mutations

You are very small and have problems with some larger weapons.
You are too small for most types of armour.
You have supernaturally acute eyesight. (SInv)
You cover ground extremely quickly. (Speed+++)
You are clumsy. (Dex -2)
You expend magic power (3 MP) to strengthen your wands.


Message History

The harpy simulacrum barely misses you. x2
The harpy simulacrum attacks as you move away!
The harpy simulacrum barely misses you.
The harpy simulacrum claws you but does no damage.
You see here 19 stones.
Casting: Confusing Touch (safe; 1% risk of failure)
Confirm with . or Enter, or press ? or * to list all spells.
Your hands begin to glow red.
The harpy simulacrum claws you but does no damage.
The harpy simulacrum completely misses you.
The harpy simulacrum misses you.
The harpy simulacrum closely misses you.
The harpy simulacrum misses you. The harpy simulacrum claws you.
The harpy simulacrum freezes you!
You hit the harpy simulacrum but do no damage.
The harpy simulacrum appears confused.
The harpy simulacrum claws you but does no damage.
The harpy simulacrum misses you.
You hit the harpy simulacrum.
The harpy simulacrum is lightly damaged.
The harpy simulacrum claws you but does no damage.
The harpy simulacrum barely misses you.
You hit the harpy simulacrum.
You punch the harpy simulacrum, but do no damage.
The harpy simulacrum is heavily damaged.
The harpy simulacrum misses you.
The harpy simulacrum completely misses you.
You catch the helpless harpy simulacrum completely off-guard!
You impale the harpy simulacrum!!
The harpy simulacrum vaporises!
Dithmenos accepts your kill.
The dire elephant simulacrum completely misses you.
The dire elephant simulacrum trunk-slaps you!
The dire elephant simulacrum freezes you!!
You are too injured to fight recklessly!
You are too injured to fight recklessly!
You are too injured to fight recklessly!
The harpy simulacrum attacks as you move away!
The harpy simulacrum claws you. The harpy simulacrum freezes you!!
You die...

## # #.#
#..#..####
#..⌠Z..##
#..Z@.##
##.##.°# ###
#..#
##.####.#
#....#.(#
##......##
##..###...#
##..#####.##
#...###.###


You could see a dire elephant simulacrum and a harpy simulacrum.

Vanquished Creatures
  Erica (D:10)
  2 orc sorcerers (Bailey)
  A cyclops (D:11)
  Joseph (D:10)
  An efreet (D:9)
  2 trolls
  A hornet (D:10)
  A wraith (D:10)
  A jumping spider (D:8)
  3 shadows
  5 yaks
  5 wyverns
  A vampire (D:9)
  A death yak simulacrum (IceCv)
  2 redbacks (D:8)
  A harpy simulacrum (IceCv)
  An acid dragon (D:10)
  2 water moccasins
  12 orc warriors
  2 black bears
  An ice beast (D:6)
  3 ogres
  3 centaurs
  A phantom (D:4)
  2 bullfrogs
  A cane toad simulacrum (IceCv)
  2 two-headed ogre simulacra (IceCv)
  5 scorpions
  A wight (D:7)
  10 killer bees (D:11)
  An elephant simulacrum (IceCv)
  3 electric eels (Bailey)
  5 hounds
  2 iguanas
  7 orc priests
  3 jellies
  Ijyb (D:3)
  5 orc wizards
  A troll simulacrum (IceCv)
  A wolf simulacrum (IceCv)
  6 gnolls (Bailey)
  8 adders
  A naga simulacrum (IceCv)
  3 shadow imps
  2 white imps (IceCv)
  2 ufetubi (D:5)
  2 worms (D:2)
  A dart slug (D:4)
  38 orcs
  10 ball pythons
  8 endoplasms
  3 giant cockroaches
  20 goblins
  18 hobgoblins
  5 jackals (D:2)
  2 quokkas
  4 bats
  2 frilled lizards
  4 kobolds
  4 rats
247 creatures vanquished.

Vanquished Creatures (collateral kills)
  3 two-headed ogres
  2 orc warriors (Bailey)
  An ogre (D:7)
  5 wights
  An orc priest (D:10)
  An orc wizard (D:10)
  8 orcs
  3 goblins
  A hobgoblin (Bailey)
25 creatures vanquished.

Vanquished Creatures (others)
  3 dancing weapons
  2 plants (D:8)
5 creatures vanquished.

Grand Total: 277 creatures vanquished

Notes
Turn   | Place    | Note
-------+----------+-------------------------------------------
     0 | D:1      | mcvcxcn the Spriggan Enchanter began the quest for the Orb.
     0 | D:1      | Reached XP level 1. HP: 9/9 MP: 5/5
   498 | D:1      | Reached XP level 2. HP: 6/13 MP: 7/7
   501 | D:1      | Learned a level 2 spell: Ensorcelled Hibernation
  2159 | D:2      | Reached XP level 3. HP: 16/16 MP: 3/9
  2310 | D:2      | Learned a level 3 spell: Tukima's Dance
  2314 | D:2      | Learned a level 3 spell: Confusing Touch
  2333 | D:2      | Found a faded altar of an unknown god.
  2977 | D:2      | Gained mutation: Your spells are a little harder to cast,
                  | but a little more powerful. [potion of mutation]
  2977 | D:2      | Gained mutation: Your body sometimes deteriorates upon
                  | taking damage. [potion of mutation]
  2977 | D:2      | Gained mutation: You expend magic power (3 MP) to
                  | strengthen your wands. [potion of mutation]
  2999 | D:2      | Reached XP level 4. HP: 21/21 MP: 11/11
  3274 | D:3      | You fall into a shaft and drop 2 floors!
  3274 | D:5      | Entered Level 5 of the Dungeon
  3278 | D:5      | Noticed a scorpion
  3354 | D:4      | Reached skill level 5 in Hexes
  3489 | D:4      | Noticed a phantom
  3495 | D:4      | Noticed an ogre
  3525 | D:4      | Killed a phantom
  3525 | D:4      | Killed an ogre
  3526 | D:4      | Reached skill level 5 in Spellcasting
  3526 | D:4      | Reached XP level 5. HP: 21/24 MP: 12/14
  3526 | D:4      | Reached XP level 6. HP: 25/28 MP: 12/15
  3661 | D:3      | Noticed Ijyb
  3689 | D:3      | Killed Ijyb
  3944 | D:3      | Learned a level 3 spell: Dazzling Flash
  4373 | D:3      | Found a stormy altar of Qazlal.
  4375 | D:3      | Noticed an air elemental
  4376 | D:3      | Noticed a fire elemental
  4376 | D:3      | Noticed a water elemental
  4383 | D:3      | Lost mutation: Your body sometimes deteriorates upon taking
                  | damage. [potion of mutation]
  4383 | D:3      | Lost mutation: Your spells are a little harder to cast, but
                  | a little more powerful. [potion of mutation]
  4383 | D:3      | Gained mutation: You are clumsy. (Dex -2) [potion of
                  | mutation]
  4902 | D:4      | Reached skill level 5 in Stealth
  5681 | D:4      | Found an iron altar of Okawaru.
  5683 | D:4      | Reached XP level 7. HP: 32/32 MP: 8/17
  5882 | D:5      | Reached skill level 6 in Stealth
  6237 | D:5      | Found Sejatuch's Jewellery Shoppe.
  6349 | D:5      | Found an opulent altar of Gozag.
  6371 | D:5      | Reached skill level 7 in Stealth
  6912 | D:6      | Reached XP level 8. HP: 36/36 MP: 20/20
  7170 | D:6      | Found a shadowy altar of Dithmenos.
  7176 | D:6      | Became a worshipper of Dithmenos the Shadowed
  7368 | D:6      | Found a shimmering altar of Xom.
  7467 | D:6      | Reached skill level 8 in Stealth
  7577 | D:6      | Found a broken altar of Ashenzari.
  7745 | D:6      | Found a radiant altar of Vehumet.
  7960 | D:7      | Reached skill level 9 in Stealth
  8135 | D:7      | Found a staircase to the Ecumenical Temple.
  8142 | Temple   | Entered the Ecumenical Temple
  8381 | D:7      | Reached XP level 9. HP: 28/39 MP: 15/23
  8386 | D:7      | Reached skill level 10 in Stealth
  8658 | D:7      | Reached * piety under Dithmenos
  9004 | D:8      | Reached skill level 10 in Hexes
  9107 | D:8      | Identified the +3 quarterstaff of the Pariah {drain, Str+4
                  | Int-5 Dex+3}
  9324 | D:8      | Noticed a two-headed ogre
  9335 | D:8      | Killed a two-headed ogre
  9336 | D:8      | Reached skill level 1 in Fighting
  9336 | D:8      | Reached skill level 11 in Stealth
  9336 | D:8      | Reached skill level 10 in Spellcasting
  9514 | D:8      | Found a runed translucent door.
  9551 | D:8      | Found a runed translucent gate.
  9553 | D:8      | Found a runed translucent gate.
  9553 | D:8      | Identified the +5 whip "Peoleloc" {flame, rElec rPois
                  | Int+2}
  9554 | D:8      | Found a runed translucent gate.
  9554 | D:8      | Found a runed translucent gate.
  9554 | D:8      | Found a runed translucent gate.
  9554 | D:8      | Identified the +3 hat of the Hot Ocelot {Int+2}
  9554 | D:8      | Noticed a lindwurm
  9561 | D:8      | Found a runed translucent gate.
  9561 | D:8      | Noticed a boulder beetle
  9914 | D:8      | Found a sacrificial altar of Ru.
 10050 | D:9      | Found a staircase to the Lair.
 10051 | D:9      | Noticed a two-headed ogre
 10299 | D:9      | Reached XP level 10. HP: 27/46 MP: 25/25
 10571 | D:9      | Reached skill level 5 in Dodging
 10596 | D:9      | Noticed a two-headed ogre
 10604 | D:9      | Killed a two-headed ogre
 10605 | D:9      | Reached skill level 12 in Stealth
 10767 | D:9      | Killed a two-headed ogre
 10922 | D:10     | Entered Level 10 of the Dungeon
 10922 | D:10     | Found a flagged portal.
 10952 | Bailey   | Entered a bailey
 11754 | Bailey   | Reached ** piety under Dithmenos
 11800 | Bailey   | Learned a level 2 spell: Static Discharge
 12171 | Bailey   | Acquired the amulet "Qeitiuq" {rElec Regen+}
 12226 | Bailey   | Found an iron altar of Okawaru.
 12226 | Bailey   | Noticed an orc sorcerer
 12226 | Bailey   | Noticed an orc sorcerer
 12249 | Bailey   | Killed an orc sorcerer
 12250 | Bailey   | Reached XP level 11. HP: 52/52 MP: 24/27
 12253 | Bailey   | Killed an orc sorcerer
 12254 | Bailey   | Reached skill level 5 in Short Blades
 12254 | Bailey   | Reached skill level 13 in Stealth
 12284 | Bailey   | Identified the +5 plate armour of Xupp {rCorr MP+9}
 12625 | D:10     | Noticed Joseph
 12631 | D:10     | Killed Joseph
 12663 | D:10     | Found Idghy's Armour Shoppe.
 12730 | D:10     | Found a hide-covered altar of Uskayaw.
 12776 | D:10     | Noticed Erica
 12781 | D:10     | Killed Erica
 12886 | D:10     | Learned a level 7 spell: Enfeeble
 12919 | D:10     | Reached *** piety under Dithmenos
 12990 | D:10     | Found a sparkling altar of Nemelex Xobeh.
 13623 | D:11     | Found a large runed translucent door.
 13624 | D:11     | Found a large runed translucent door.
 13628 | D:11     | Noticed wpisznazwe's ghost (journeyman SpHu)
 14060 | D:11     | Found Thor's Dragon-Slaying Spoils.
 14073 | D:11     | Bought +1 steam dragon scales for 564 gold pieces
 14738 | D:12     | Found a staircase to the Orcish Mines.
 14871 | D:12     | Found a frozen archway.
 14883 | IceCv    | Entered an ice cave
 14950 | IceCv    | Reached **** piety under Dithmenos
 15090 | IceCv    | Slain by a harpy simulacrum

Illustrated notes

Levels and vault maps discovered:
D:1:      dpeg_arrival_round_c, layout_loops_ring, minmay_tripent
D:2:      layout_basic, chequers_ecumenical_altar_grove
D:3:      layout_loops_ring, nicolae_qazlal_style_of_elements, uniq_ijyb
D:4:      layout_loops_cross, kennysheep_okawaru_gauntlet
D:5:      layout_basic, mainiacjoe_overflow_paths, serial_shops,
          nicolae_shop_advertising_works [nicolae_subvault_shop_adworks],
          serial_bayou_lagoon_b
D:6:      layout_basic, evilmike_ruin_ashenzari, vehumet_statue,
          nicolae_dithmenos_the_darkroom, lemuel_round_altar
D:7:      layout_basic, minmay_temple_entry_metal_lava,
          wad_floor_pattern_untrapped
D:8:      gammafunk_indiana_jones, layout_gridville, lemuel_doored_altar,
          minmay_joined_circles
D:9:      layout_loops_ring, lair_entry_dummy, st_stairs_2
D:10:     layout_roguey, nemelex_altar_shiori,
          nicolae_uskayaw_murder_on_the_dancefloor, enter_bailey_5,
          serial_shops, shop, uniq_erica, uniq_joseph
D:11:     layout_loops_corners, ebering_ghost_disaster_area,
          nicolae_shop_dragon_depot
D:12:     minmay_polygon_palace, layout_loops_ring, hiddenorc2_lemuel,
          portal_ice_cave_entry_pillars_1
Temple:   nicolae_temple_x_marks_the_god
IceCv:    ice_cave_caverns_02

Skill      XL: |  1  2  3  4  5  6  7  8  9 10 11 |
---------------+----------------------------------+-----
Spellcasting   | 3 4 5 6 7 9 10 11 | 11.8
Hexes          | 4 6 8 9 10 11 12 | 12.0
Stealth        | 5 7 9 11 12 13 | 13.8
Fighting       | 1 3 4 |  4.6
Short Blades   | 3 4 6 |  6.1
Dodging        | 4 6 8 |  8.0

Action                   |  1- 3 |  4- 6 |  7- 9 | 10-12 || total
-------------------------+-------+-------+-------+-------++-------
Melee: Dagger            |   108 |   125 |   175 |   316 ||   724
       Punch             |       |     2 |     2 |     5 ||     9
 Cast: Ensorcelled Hiber |    23 |    36 |    58 |    77 ||   194
       Tukima's Dance    |       |     4 |    11 |    21 ||    36
       Confusing Touch   |       |     2 |     7 |     4 ||    13
  Use: Scroll            |     6 |     7 |     9 |     3 ||    25
       Potion            |     2 |     4 |     3 |     2 ||    11
 Stab: Sleeping          |    24 |    24 |    44 |    81 ||   173
       Invisible         |     1 |       |       |       ||     1
       Distracted        |       |     1 |     1 |     2 ||     4
       Confused          |       |     3 |     1 |     4 ||     8
Armor: Robe              |    13 |     8 |    18 |    24 ||    63
       Skin              |       |       |     2 |       ||     2
       Steam dragon scal |       |       |       |    30 ||    30
Dodge: Dodged            |    74 |   109 |    93 |   283 ||   559

Table legend: (Time is in decaauts)
 A = Elapsed time spent in this place.
 B = Non-inter-level travel time spent in this place.
 C = Inter-level travel time spent in this place.
 D = Time resting spent in this place.
 E = Time spent auto-exploring this place.
 F = Levels seen in this place.
 G = Mean time per level.
                   A        B        C        D        E       F      G
               +--------+--------+--------+--------+--------+-----+--------+
         Total |  11575 |  11348 |    227 |   2110 |   6829 |  15 |  771.7 |
       Dungeon |  10079 |   9852 |    227 |   1216 |   6704 |  12 |  839.9 |
        Temple |      1 |      1 |      0 |      0 |      0 |   1 |    1.0 |
        Bailey |   1320 |   1320 |      0 |    794 |     99 |   1 | 1320.0 |
      Ice Cave |    172 |    172 |      0 |    100 |     25 |   1 |  172.0 |
               +--------+--------+--------+--------+--------+-----+--------+

Top non-repeatable levels by time:
     D:1: 1331 daAuts
  Bailey: 1320 daAuts
     D:4: 1210 daAuts
     D:2: 1142 daAuts
     D:8: 1034 daAuts
     D:3: 927 daAuts
    D:11: 847 daAuts
     D:6: 820 daAuts
     D:5: 806 daAuts
     D:7: 622 daAuts
    D:10: 615 daAuts
     D:9: 502 daAuts
    D:12: 220 daAuts
   IceCv: 172 daAuts
  Temple: 1 daAuts
